 Dungeon Crawl Stone Soup version 0.23.2-40-g277498a (webtiles) character file.

Game seed: 12056240410849862693

4386 Fang the Fighter (level 10, -1/97 HPs)
             Began as a Gargoyle Berserker on Oct 23, 2019.
             Was a High Priest of Trog.
             Slain by a wight
             ... wielding a +0 spear
              (5 damage)
             ... on level 8 of the Dungeon.
             The game lasted 00:09:47 (7308 turns).

Fang the Fighter (Gargoyle Berserker)               Turns: 7308, Time: 00:09:48

Health: -1/97      AC: 15    Str: 28    XL:     10   Next: 35%
Magic:  10/10      EV: 14    Int:  9    God:    Trog [*****.]
Gold:   434        SH:  0    Dex:  9    Spells: 9/9 levels left

rFire    . . .     SeeInvis .   a - +0 war axe
rCold    . . .     Gourm    .   (no shield)
rNeg     + . .     Faith    .   b - +0 animal skin
rPois    ∞         Spirit   .   (no helmet)
rElec    +         Reflect  .   s - +1 cloak
rCorr    .         Harm     .   (no gloves)
MR       .....                  x - +0 pair of boots (curse)
Stlth    ..........             G - amulet of the acrobat
HPRegen  0.26/turn              q - +2 ring of protection
MPRegen  0.12/turn              (no ring)

@: berserking, studying Bows, very quick
A: negative energy resistance 1, electricity resistance, unbreathing,
petrification resistance, rot immunity, AC +7
a: Berserk, Trog's Hand, Brothers in Arms, Renounce Religion


You were on level 8 of the Dungeon.
You worshipped Trog.
Trog was extremely pleased with you.
You were near starving.

You visited 2 branches of the dungeon, and saw 9 of its levels.
You also visited: Sewer and Ossuary.

You collected 434 gold pieces.

Inventory:

Hand Weapons
 a - a +0 war axe (weapon)
Armour
 b - a +0 animal skin (worn)
 s - a +1 cloak (worn)
 x - a cursed +0 pair of boots (worn)
Jewellery
 q - a +2 ring of protection (left hand)
 G - an amulet of the acrobat (around neck)
Wands
 y - a wand of acid (12)
 A - a wand of iceblast (10)
 C - a wand of polymorph (10)
Scrolls
 e - 3 scrolls of teleportation {unknown}
 f - 7 scrolls of random uselessness {unknown}
 i - 3 scrolls of enchant weapon {unknown}
 j - 3 scrolls of amnesia {unknown}
 k - 16 scrolls of identify {unknown}
 l - 9 scrolls of remove curse {unknown}
 w - 3 scrolls of fog {unknown}
 z - a scroll of blinking {unknown}
 E - 6 scrolls of immolation {unknown}
 H - a scroll of noise {unknown}
 I - a scroll of enchant armour {unknown}
Potions
 d - 3 potions of invisibility {unknown}
 g - 5 potions of heal wounds
 h - 5 potions of agility {unknown}
 m - 5 potions of lignification {unknown}
 n - a potion of haste {unknown}
 o - 2 potions of might {unknown}
 p - 4 potions of flight {unknown}
 r - a potion of magic {unknown}
 t - 6 potions of mutation {unknown}
 u - 5 potions of curing {unknown}
 v - 2 potions of berserk rage {unknown}
 B - a potion of ambrosia {unknown}
 F - 3 potions of cancellation {unknown}
 J - a potion of degeneration {unknown}
Books
 D - a manual of Bows
Comestibles
 c - 11 rations


   Skills:
 + Level 8.8 Fighting
 + Level 7.3 Axes
 + Level 8.4 Armour
 + Level 6.3 Dodging


You had 9 spell levels left.
You didn't know any spells.
Your spell library was empty.

Dungeon Overview and Level Annotations

Branches:
Dungeon (8/15)             Temple (1/1) D:5
   Lair: D:8-11

Altars:
Dithmenos
Elyvilon
Nemelex Xobeh
Qazlal
Sif Muna
Trog
Vehumet
Xom
Zin


Innate Abilities, Weirdness & Mutations

You are resistant to torment.
Your stone body is resilient. (AC +7)
You are immune to poison.
You resist negative energy. (rN+)
You are resistant to electric shocks. (rElec)
You can survive without breathing.
You are immune to petrification.
You are immune to rotting.


Message History

The wight closely misses you. The two-headed ogre closely misses you.
The two-headed ogre hits you with a +0 giant spiked club!
* * * LOW HITPOINT WARNING * * *
You hit the two-headed ogre.
The two-headed ogre is almost dead.
The wight barely misses you.
You slash the two-headed ogre!
You feel the power of Trog in you as your rage grows.
You kill the two-headed ogre!
Trog accepts your kill. The wight barely misses you.
Things that are here:
a +0 dire flail; a +0 giant spiked club; a two-headed ogre corpse You slash the wight!
The wight is severely damaged.
The wight barely misses you.
You closely miss the wight.
The wight is severely damaged.
The wight hits you with a +0 spear.
You die...

##......###..........
..................$.
..................
#..#.#..#....[#
###....#..#.....#
###.........#))...##.#
..............<.......
###....z.........##..
#...@.##.#######
#......#.##.#########
###....#....#.......#
####<..##...........#
#......#...._.......#
##...##.#..#####.....#
#.......#..#...#......
#.##.......#...#.....#
#. #.......#.A.#.....#


You could see a wight.

Vanquished Creatures
  A two-headed ogre (D:8)
  Prince Ribbit (D:6)
  Sigmund (D:3)
  Menkaure (D:4)
  The ghost of growler the Sneak, an amateur OpEE (D:4)
  A black bear (D:8)
  A sky beast (D:5)
  6 ogres
  4 phantoms
  A centaur (D:5)
  A big kobold (Sewer)
  3 bullfrogs
  A wyvern skeleton (D:6)
  A scorpion (D:4)
  6 killer bees (D:7)
  4 wights (D:8)
  3 howler monkeys
  4 crimson imps
  2 hounds
  2 centaur zombies
  A human zombie (Ossuary)
  Crazy Yiuf (D:2)
  3 orc wizards
  Ijyb (D:4)
  2 iguanas
  Natasha (thrice) (D:4)
  6 worker ants
  A big kobold zombie (Ossuary)
  3 hound skeletons
  6 mummies (Ossuary)
  Robin (D:2)
  4 gnolls (D:7)
  10 adders
  A river rat (Sewer)
  A shadow imp (D:7)
  2 adder skeletons
  A worm (D:3)
  5 dart slugs
  4 leopard geckos (D:3)
  18 orcs
  7 bats
  11 giant cockroaches
  16 goblins
  9 hobgoblins
  5 jackals
  21 kobolds
  4 quokkas
  A ball python (D:6)
  A ball python skeleton (D:4)
  7 frilled lizards
  A gnoll zombie (Ossuary)
  A hobgoblin zombie (Ossuary)
  A jackal skeleton (D:7)
  2 kobold zombies (Ossuary)
  A leopard gecko skeleton (D:6)
  A leopard gecko zombie (D:5)
  An orc zombie (Ossuary)
  A quokka skeleton (D:4)
  2 quokka zombies
  10 rats
  A rat zombie (D:7)
223 creatures vanquished.

Vanquished Creatures (others)
  2 fungi (D:4)
  2 plants (D:4)
4 creatures vanquished.

Grand Total: 227 creatures vanquished

Notes
Turn   | Place    | Note
-------+----------+-------------------------------------------
     0 | D:1      | Fang the Gargoyle Berserker began the quest for the Orb.
     0 | D:1      | Reached XP level 1. HP: 14/14 MP: 1/1
    73 | D:1      | Reached XP level 2. HP: 13/19 MP: 2/2
   728 | D:2      | Noticed Robin
   731 | D:2      | Reached XP level 3. HP: 21/23 MP: 3/3
   734 | D:2      | Reached ** piety under Trog
   744 | D:2      | Killed Robin
  1018 | D:2      | Reached XP level 4. HP: 29/29 MP: 4/4
  1155 | D:2      | Found a runed translucent door.
  1156 | D:2      | Noticed Crazy Yiuf
  1851 | D:2      | Killed Crazy Yiuf
  1851 | D:2      | Reached XP level 5. HP: 33/33 MP: 5/5
  1985 | D:3      | Noticed Sigmund
  2001 | D:3      | Killed Sigmund
  2001 | D:3      | Reached XP level 6. HP: 20/39 MP: 6/6
  2134 | D:3      | Reached *** piety under Trog
  2226 | D:3      | Found a glowing drain.
  2254 | Sewer    | Entered a sewer
  2499 | Sewer    | Reached skill level 5 in Fighting
  2499 | Sewer    | Reached XP level 7. HP: 33/44 MP: 7/7
  2515 | Sewer    | Found a white marble altar of Elyvilon.
  2592 | D:3      | Found a bloodstained altar of Trog.
  2592 | D:3      | Found a radiant altar of Vehumet.
  2657 | D:3      | Found a white marble altar of Elyvilon.
  2657 | D:3      | Found a stormy altar of Qazlal.
  2659 | D:3      | Found a sparkling altar of Nemelex Xobeh.
  2659 | D:3      | Found a shadowy altar of Dithmenos.
  2939 | D:4      | Noticed Natasha
  2943 | D:4      | Noticed Ijyb
  2951 | D:4      | Killed Natasha
  2953 | D:4      | Killed Ijyb
  3034 | D:4      | Found a runed translucent gate.
  3038 | D:4      | Found a runed translucent gate.
  3038 | D:4      | Identified the +8 short sword of Valiance {drain, -Tele
                  | Fragile rElec Int+9}
  3038 | D:4      | Noticed growler's ghost (amateur OpEE)
  3039 | D:4      | Found a runed translucent gate.
  3061 | D:4      | Reached skill level 5 in Armour
  3088 | D:4      | Noticed Natasha
  3096 | D:4      | Killed Natasha
  3234 | D:4      | Noticed Natasha
  3248 | D:4      | Killed Natasha
  3364 | D:4      | Reached **** piety under Trog
  3463 | D:4      | Noticed Menkaure
  3472 | D:4      | Killed Menkaure
  3472 | D:4      | Reached XP level 8. HP: 34/51 MP: 8/8
  3618 | D:4      | Reached skill level 5 in Axes
  3935 | D:4      | Killed growler's ghost
  3987 | D:5      | Entered Level 5 of the Dungeon
  4312 | D:5      | Reached XP level 9. HP: 56/56 MP: 9/9
  4367 | D:5      | Found a staircase to the Ecumenical Temple.
  4372 | Temple   | Entered the Ecumenical Temple
  4708 | D:5      | Reached skill level 5 in Dodging
  5435 | D:6      | Reached ***** piety under Trog
  5707 | D:6      | Found a deep blue altar of Sif Muna.
  5990 | D:6      | Noticed Prince Ribbit
  5999 | D:6      | Killed Prince Ribbit
  6759 | D:7      | Found a sand-covered staircase.
  6767 | Ossuary  | Entered an ossuary
  6888 | Ossuary  | Reached XP level 10. HP: 63/64 MP: 10/10
  7233 | D:8      | Noticed an angel
  7234 | D:8      | Found a glowing silver altar of Zin.
  7234 | D:8      | Found a shimmering altar of Xom.
  7286 | D:8      | Noticed a two-headed ogre
  7303 | D:8      | HP: 3/97 [two-headed ogre/+0 dire flail (12)]
  7305 | D:8      | Killed a two-headed ogre
  7308 | D:8      | Slain by a wight

Skill      XL: |  1  2  3  4  5  6  7  8  9 10 |
---------------+-------------------------------+-----
Axes           | 3 4 5 6 7 |  7.3
Dodging        | 2 3 4 5 6 |  6.3
Armour         | 3 4 5 6 7 8 |  8.4
Fighting       | 4 5 6 8 |  8.8

Action                   |  1- 3 |  4- 6 |  7- 9 | 10-12 || total
-------------------------+-------+-------+-------+-------++-------
Melee: Hand axe          |    92 |   194 |   593 |       ||   879
       War axe           |       |       |    51 |   101 ||   152
Invok: Berserk           |     1 |     2 |     5 |     1 ||     9
 Stab: Sleeping          |     2 |     1 |       |       ||     3
  Eat: Chunk             |     1 |     7 |    15 |     2 ||    25
       Ration            |       |       |     1 |       ||     1
Armor: Animal skin       |    42 |   121 |   277 |    48 ||   488
Dodge: Dodged            |    73 |   172 |   443 |    91 ||   779
